Map: King Sejong Station LE

Players

Fropez

  • Race: Protoss Protoss
  • League: Gold
  • Spawn Location: 11:00

Senhaar - Winner!

  • Race: Terran Terran
  • League: Silver
  • Spawn Location: 5:00

VOD

Have the link to the VOD?

Description

Time

  • Played on: Sept. 16, 2016, 10:58 a.m.
  • Length: 12:24
Show
View Real Time Build Order
Export as new Build Order

Fropez Protoss 

Build Orders:  

Get SALT Encoding   

  12  0:01  Probe (Chrono Boost)  
  13  0:14  Pylon  
  13  0:22  Probe (Chrono Boost)  
  14  0:32  Gateway  
  14  0:35  Probe (Chrono Boost)  
  15  0:46  Probe (Chrono Boost)  
  15  0:47  Assimilator  
  16  0:55  Pylon  
  16  0:58  Probe (Chrono Boost)  
  17  1:08  Probe (Chrono Boost)  
  18  1:16  Assimilator  
  18  1:19  Probe (Chrono Boost)  
  18  1:24  Cybernetics Core  
  19  1:33  Pylon  
  19  1:50  Pylon  
  19  2:03  Gateway, Mothership Core (Chrono Boost)  
  20  2:12  Adept  
  22  2:18  Warp Gate (Chrono Boost)  
  22  2:22  Probe  
  23  2:24  Gateway  
  23  2:27  Pylon  
  23  2:34  Probe  
  24  2:46  Probe  
  24  2:50  Adept x2  
  29  2:58  Probe  
  30  3:06  Pylon  
  30  3:10  Probe  
  31  3:19  Pylon  
  31  3:46  Probe  
  31  3:47  Gateway  
  32  4:01  Robotics Facility  
  31  4:04  Twilight Council  
  30  4:17  Nexus  
  30  4:39  Adept x3  
  34  4:54  Pylon  
  34  4:55  Probe  
  34  4:59  Warp Prism  
  35  5:09  Resonating Glaives (Chrono Boost)  
  35  5:10  Probe  
  36  5:28  Probe  
  36  5:29  Probe  
  39  5:38  Probe  
  39  5:39  Observer  
  39  5:41  Probe  
  39  5:42  Adept x2  
  45  5:55  Probe  
  46  6:01  Assimilator  
  46  6:18  Adept  
  46  6:19  Adept x2  
  46  6:20  Adept  
  54  6:30  Probe  
  55  6:35  Assimilator  
  55  6:40  Gateway  
  35  7:17  Gateway  
  35  7:18  Pylon  
  35  7:22  Immortal (Chrono Boost)  
  39  7:30  Adept x4  
  47  7:38  Probe  
  47  7:39  Pylon  
  48  7:45  Probe  
  49  7:58  Forge  
  49  8:00  Probe, Immortal (Chrono Boost)  
  49  8:01  Probe  
  49  8:14  Adept x2  
  49  8:15  Adept x3  
  53  8:42  Protoss Ground Weapons Level 1 (Chrono Boost)  
  53  8:44  Immortal (Chrono Boost)  
  53  9:08  Gateway  
  53  9:09  Adept, Nexus  
  55  9:10  Pylon, Gateway  
  55  9:11  Gateway  
  55  9:13  Pylon  
  55  9:19  Adept x2  
  59  9:24  Adept  
  63  9:31  Probe (Chrono Boost)  
  54  9:40  Mothership Core (Chrono Boost)  
  54  9:42  Stalker  
  53  9:56  Probe (Chrono Boost)  
  45  10:15  Stalker x4  
  53  10:31  Photon Cannon  
  53  10:32  Stalker  
  55  10:46  Probe (Chrono Boost)  
  55  10:47  Probe (Chrono Boost)  
  55  10:49  Probe (Chrono Boost)  
  58  10:56  Probe (Chrono Boost)  
  59  10:59  Probe (Chrono Boost)  
  59  11:03  Probe (Chrono Boost)  
  61  11:10  Photon Cannon  
  62  11:12  Probe (Chrono Boost)  
  62  11:15  Pylon  
  62  11:16  Adept x2  
  66  11:19  Adept  
  68  11:42  Adept x5  
  72  11:57  Stalker x2  
  60  12:18  Adept x5  
Show
View Real Time Build Order
Export as new Build Order

Senhaar Terran - Winner!

Build Orders: MMM Bio 

Get SALT Encoding   

  12  0:01  SCV  
  13  0:13  SCV  
  14  0:18  Supply Depot  
  14  0:25  SCV  
  15  0:41  Barracks  
  15  0:44  SCV  
  16  0:56  SCV  
  17  1:08  SCV  
  18  1:13  Refinery  
  18  1:28  Marine  
  18  1:29  Orbital Command  
  19  1:46  Marine  
  20  2:01  SCV  
  21  2:02  Barracks x2  
  21  2:03  Barracks  
  22  2:15  Barracks Reactor  
  21  2:23  SCV  
  22  2:31  Engineering Bay  
  22  2:35  SCV  
  23  2:40  Command Center  
  23  2:50  Barracks Tech Lab  
  23  2:51  Barracks Tech Lab  
  23  3:01  Terran Infantry Weapons Level 1  
  23  3:02  Supply Depot  
  23  3:05  Refinery  
  23  3:15  Missile Turret  
  23  3:17  Supply Depot  
  23  3:23  SCV  
  23  3:25  Marine x2  
  25  3:27  Marine  
  25  3:30  Marine  
  27  3:35  SCV  
  28  3:45  Factory  
  28  3:48  SCV  
  29  4:02  SCV  
  30  4:07  Combat Shields  
  30  4:12  Marine  
  30  4:13  Marine x3  
  30  4:14  SCV  
  35  4:19  Stimpack  
  35  4:24  Supply Depot  
  34  4:35  SCV  
  35  4:39  Marine x3  
  38  4:47  SCV  
  39  5:00  SCV  
  39  5:01  Factory Reactor, Starport  
  39  5:06  Bunker  
  40  5:12  SCV  
  40  5:13  Orbital Command  
  40  5:24  SCV  
  40  5:26  Concussive Shells, Terran Infantry Armor Level 1  
  40  5:27  Marine x2  
  43  5:30  Marine  
  43  5:32  Marine  
  45  5:36  SCV  
  46  5:43  SCV  
  46  5:47  Medivac  
  46  5:48  SCV  
  46  5:49  Medivac  
  52  5:58  Supply Depot  
  52  5:59  SCV, Supply Depot  
  52  6:03  Factory Reactor  
  53  6:08  Marauder x2  
  53  6:10  Marine  
  58  6:12  Marine  
  58  6:14  SCV  
  58  6:17  SCV  
  61  6:33  Marine  
  61  6:34  Marine x3  
  62  6:59  Liberator x2  
  60  7:02  Marine x3  
  60  7:03  Marine  
  59  7:12  SCV x2  
  61  7:21  Barracks  
  67  7:22  Barracks  
  67  7:23  Barracks x2  
  67  7:24  Barracks  
  67  7:25  SCV x2  
  67  7:27  Supply Depot  
  67  7:28  Supply Depot  
  69  7:37  SCV x2  
  69  7:43  Marauder  
  69  7:44  Marine x2, Marauder  
  76  7:49  SCV x2  
  72  8:05  Marine x2  
  65  8:07  Marauder x2  
  65  8:08  SCV x2  
  65  8:10  Refinery x2  
  71  8:15  Barracks Tech Lab x2  
  71  8:17  Barracks Tech Lab  
  71  8:29  SCV x2  
  71  8:33  Barracks Tech Lab  
  72  8:35  Barracks Tech Lab  
  66  8:43  Marine x4  
  66  8:44  Marauder  
  66  8:45  Marauder x2  
  76  9:01  Marauder  
  76  9:02  Marine, Marauder x3  
  85  9:07  SCV x2  
  87  9:19  Marine x2, SCV  
  90  9:31  SCV x2  
  92  9:43  SCV x2  
  88  9:54  Marauder x3  
  94  10:00  SCV x2  
  94  10:01  Supply Depot x2, Marauder x3  
  94  10:03  Supply Depot  
  101  10:13  SCV x2  
  102  10:25  Marine x2  
  102  10:26  Marauder x2  
  102  10:27  Marauder x2  
  112  10:29  Marauder  
  112  10:33  Marauder  
  116  10:49  Marauder x4  
  124  10:54  Marauder  
  126  11:01  Marine x2  
  126  11:02  Marauder x2  
  132  11:06  Supply Depot  
  132  11:10  Supply Depot  
  132  11:14  Supply Depot  
  132  11:22  Medivac  
  134  11:28  Medivac  
  132  11:44  SCV x2  
  131  11:56  SCV x2  
  130  12:08  SCV  
Tags
 
Composition
MMM Bio
Matchup
PvT
Replay Pack
All Mines
Spawn Locations
Cross Positions
Add a new tag
Caveats
  • Supply blocks, unpowered buildings, or Contaminate may cause inaccurate times.
  • Supply counts are checked every 10 seconds.